AoeStats
← TheDayOfDurin

Arabia

510348308Analyzed
4v4 RM · 1d ago on Sep 30, 2026· 70m 41s· 8 players
Game mode
Random Map
Map size
Large (8 player)
Population
200
Speed
Normal
Resources
Standard
Victory
Conquest
Starting age
Dark Age
Ending age
Imperial Age
RankedLock teamsTeams togetherTeam positionsShared explorationLock speedFull tech treeHidden civsTurbo modeCheats
Victory
Defeat
🇿🇦 Tupi · South Africa
914
+15
🇺🇸 Shu · United States
888
+16
🇨🇦 Sicilians · Canada
858
+17
🇦🇷 Mongols · Argentina
916
-19
🇮🇹 Italians · Italy
890
-16
🇮🇹 Ethiopians · Italy
888
-16
🇮🇹 Persians · Italy
840
-14
Gauntlet
10:46 Feudal Age
14:54 Double-Bit Axe
15:43 Fletching
17:54 Loom
19:16 Padded Archer Armor
22:44 Gold Mining
25:50 Castle Age
25:16 Horse Collar
27:03 Bow Saw
26:55 Heavy Plow
28:09 Crossbowman
31:21 Forging
33:24 Bodkin Arrow
37:55 Stone Mining
39:04 Gold Shaft Mining
38:26 Elite Skirmisher
39:23 Leather Archer Armor
39:25 Town Watch
49:08 Ballistics
50:08 Thumb Ring
52:58 Pikeman
56:26 Wheelbarrow
57:57 Scale Barding Armor
60:00 Caravan
61:02 Scale Mail Armor
65:26 Chain Mail Armor
68:30 Imperial Age
67:00 Squires
67:45 Chain Barding Armor
Fanjo MTL
5:52 Loom
11:51 Feudal Age
12:36 Double-Bit Axe
16:26 Stone Mining
21:47 Fletching
23:08 Gold Mining
25:13 Forging
25:04 Scale Mail Armor
29:04 Castle Age
30:12 Arson
30:27 Squires
31:06 Gold Mining
31:34 Chain Mail Armor
33:35 Bodkin Arrow
34:34 Horse Collar
36:49 Iron Casting
39:22 Bow Saw
41:23 Gold Shaft Mining
42:06 Heavy Plow
45:06 Wheelbarrow
48:01 Imperial Age
45:46 Padded Archer Armor
46:23 Ballistics
46:30 Elite Skirmisher
48:02 Leather Archer Armor
49:41 Chemistry
48:45 Bracer
51:02 Crop Rotation
51:03 Plate Mail Armor
51:34 Blast Furnace
50:25 Elite Serjeant
54:43 Hand Cart
54:13 Town Watch
53:56 Pikeman
54:53 Hand Cart
55:09 Cranequins
55:09 Heavy Mounted Crossbowman
56:33 Town Patrol
我是厨子不是愚公,只会做饭不会易大山
0:33 Loom
10:41 Feudal Age
11:10 Double-Bit Axe
12:52 Wheelbarrow
14:35 Horse Collar
21:45 Gold Mining
21:50 Stone Mining
25:50 Castle Age
27:38 Bow Saw
27:30 Heavy Plow
28:10 Gold Shaft Mining
28:00 Fletching
28:11 Padded Archer Armor
29:36 Fervor
29:27 Bodkin Arrow
35:22 Fortified Wall
37:52 Imperial Age
36:33 Hand Cart
37:06 Leather Archer Armor
38:14 Caravan
39:44 Ring Archer Armor
39:14 Bracer
39:37 Conscription
39:19 Artillery
40:01 Treadmill Crane
41:42 Bombard Tower
41:43 Ballistics
42:31 Two-Man Saw
45:50 Elite Janissary
60:38 Forging
60:33 Scale Barding Armor
65:33 Iron Casting
65:19 Chain Barding Armor
68:00 Bloodlines
68:34 Plate Barding Armor
69:00 Blast Furnace
Zafar
6:15 Loom
10:23 Feudal Age
10:50 Double-Bit Axe
22:08 Castle Age
21:22 Horse Collar
21:51 Gold Mining
21:54 Stone Mining
22:25 Padded Archer Armor
22:15 Fletching
23:15 Bow Saw
23:25 Heavy Plow
24:48 Wheelbarrow
26:35 Bodkin Arrow
29:42 Squires
29:02 Pikeman
29:07 Elite Skirmisher
29:46 Crossbowman
35:40 Imperial Age
33:00 Town Watch
32:55 Champi Runner
34:27 Leather Archer Armor
34:15 Scale Mail Armor
34:26 Forging
35:11 Arson
36:51 Chain Mail Armor
37:43 Iron Casting
36:34 Capped Ram
36:52 Halberdier
39:02 Two-Man Saw
38:45 Siege Ram
40:14 Plate Mail Armor
40:14 Ring Archer Armor
41:40 Conscription
41:25 Bracer
43:34 Chemistry
42:31 Murder Holes
43:01 Curare
45:31 Gold Shaft Mining
45:00 Town Patrol
45:37 Hand Cart
45:17 Elite Blackwood Archer
47:29 Champi Warrior
49:15 Ballistics
49:15 Elite Champi Warrior
50:32 Caciques
53:50 Arbalester
63:30 Heavy Scorpion
Rick Il Rosso
5:17 Loom
10:15 Feudal Age
10:57 Double-Bit Axe
10:53 Horse Collar
21:34 Castle Age
21:39 Crossbowman
21:43 Elite Skirmisher
24:18 Bow Saw
24:29 Heavy Plow
25:04 Crossbowman
26:28 Pikeman
27:08 Squires
26:54 Arson
28:39 Wheelbarrow
27:50 Town Watch
31:02 Hand Cart
32:22 Husbandry
36:03 Fletching
40:25 Bloodlines
41:15 Bodkin Arrow
41:26 Scale Barding Armor
41:21 Padded Archer Armor
45:38 Imperial Age
44:16 Thumb Ring
45:25 Light Cavalry
45:58 Cavalier
47:07 Conscription
46:17 Hussar
51:09 Two-Man Saw
50:44 Arbalester
53:10 Hussar
54:59 Caravan
56:47 Hoardings
56:24 Gold Mining
57:53 Chemistry
57:14 Ballistics
56:51 Murder Holes
57:11 Masonry
59:55 Forging
61:19 Crop Rotation
61:45 Arson
69:28 Leather Archer Armor
DanTe
12:01 Feudal Age
12:30 Double-Bit Axe
13:21 Horse Collar
19:52 Castle Age
21:01 Bow Saw
22:35 Heavy Plow
23:27 Wheelbarrow
28:58 Imperial Age
28:16 Crossbowman
29:02 Thumb Ring
29:13 Fletching
29:38 Arbalester
30:16 Gold Mining
31:51 Hand Cart
34:17 Bodkin Arrow
34:23 Padded Archer Armor
35:46 Two-Man Saw
35:50 Ballistics
36:31 Chemistry
36:49 Torsion Engines
37:12 Conscription
38:18 Bracer
38:34 Leather Archer Armor
43:05 Ring Archer Armor
46:13 Light Cavalry
46:53 Husbandry
48:38 Hussar
49:52 Scale Barding Armor
49:57 Forging
49:15 Elite Skirmisher
52:21 Chain Barding Armor
52:37 Iron Casting
55:20 Blast Furnace
54:52 Siege Engineers
56:42 Cavalier
58:41 Fortified Wall
58:42 Masonry
65:38 Caravan
TheDayOfDurin
15:00 Feudal Age
19:23 Castle Age
18:26 Horse Collar
18:33 Double-Bit Axe
21:33 Heavy Plow
21:47 Bow Saw
25:27 Crossbowman
32:48 Imperial Age
31:07 Thumb Ring
31:12 Gold Mining
31:13 Stone Mining
34:23 Chemistry
34:30 Padded Archer Armor
34:20 Fletching
34:08 Capped Ram
35:44 Leather Archer Armor
36:12 Stone Shaft Mining
36:12 Gold Shaft Mining
37:03 Bodkin Arrow
37:40 Ring Archer Armor
40:45 Conscription
40:46 Kamandaran
42:14 Two-Man Saw
41:15 Heated Shot
41:21 Murder Holes
47:06 Husbandry
46:27 Cavalier
52:11 Onager
54:44 Scale Mail Armor
54:54 Forging
54:50 Scale Barding Armor
55:51 Savar
58:22 Wheelbarrow
59:19 Chain Mail Armor
59:25 Chain Barding Armor
59:40 Iron Casting
61:04 Plate Mail Armor
67:48 Light Cavalry
69:37 Bloodlines
71:50 Blast Furnace
jacky
4:07 Loom
11:02 Feudal Age
23:00 Castle Age
27:55 Fletching
28:54 Bodkin Arrow
Connection lost

Rejoining the realm…

Still unreachable

The connection could not be restored.

Session expired

The server has moved on; the page needs a fresh start.